 Dungeon Crawl Stone Soup version 0.17.1-3-g152610e (webtiles) character file.

203402 Alarkh the Severer (level 17, -8/131 HPs)
             Began as a Mummy Skald on Apr 13, 2016.
             Was an Initiate of Gozag.
             Mangled by a vault warden
             ... wielding a +0 war axe
              (20 damage)
             ... on level 1 of the Vaults.
             The game lasted 02:08:53 (41965 turns).

Alarkh the Severer (Mummy Skald)                   Turns: 41965, Time: 02:08:54

Health: -8/131     AC: 21    Str: 20    XL:     17   Next: 98%
Magic:  38/38      EV: 23    Int: 21    God:    Gozag
Gold:   575        SH:  0    Dex: 20    Spells: 8 memorised, 2 levels left

rFire  . . .     SeeInvis +     a - +9 executioner's axe (elec)
rCold  + + .     Clarity  .     o - +1 ring mail of Dudutt {rElec rC+ Dex-2 SInv}
rNeg   + + +     SustAt   .     (shield currently unavailable)
rPois  ∞         Gourm    .     D - +2 helmet
rElec  +         Spirit   .     s - +2 cloak
rCorr  .         Warding  .     g - +2 pair of gloves {Dex+3}
rMut   .         Stasis   .     k - +2 pair of boots {Fly}
MR     ++...                    r - amulet of regeneration
Stlth  ++........               n - ring of magical power
                                f - ring of protection from fire

@: mighty, brilliant, agile, flying, very resistant to hostile enchantments,
unstealthy
A: no food or potions, fire vulnerability, cold resistance 1, negative energy
resistance 3, torment resistance, unbreathing, in touch with death 1, restore
body
a: Self-Restoration, Potion Petition, Call Merchant, Bribe Branch, Renounce
Religion, Stop Flying
}: 1/15 runes: serpentine


You were on level 1 of the Vaults.
You worshipped Gozag.
Gozag was noncommittal.
You were not hungry.

You visited 6 branches of the dungeon, and saw 33 of its levels.
You also visited: Ice Cave and Volcano.

You collected 14074 gold pieces.
You spent 2955 gold pieces at shops.
You paid 10544 gold pieces to Gozag.

Inventory:

Hand Weapons
 a - a +9 executioner's axe of electrocution (weapon)
 b - a +2 war axe of flaming
Missiles
 E - 4 throwing nets (quivered)
Armour
 g - a +2 pair of gloves of dexterity (worn)
 k - a +2 pair of boots of flying (worn)
 o - the +1 ring mail of Dudutt (worn) {rElec rC+ Dex-2 SInv}
   (You bought it in a shop on level 1 of the Lair of Beasts)

   It affects your dexterity (-2).
   It protects you from cold.
   It insulates you from electricity.
   It lets you see invisible.
 s - a +2 cloak (worn)
 D - a +2 helmet (worn)
Jewellery
 e - an uncursed amulet of guardian spirit
 f - a ring of protection from fire (left hand)
 n - a ring of magical power (right hand)
 r - an amulet of regeneration (around neck)
 C - an uncursed amulet of stasis
 Q - an uncursed amulet of resist mutation
 R - an uncursed amulet of resist corrosion
Wands
 d - a wand of paralysis (6)
 h - a wand of digging (8)
 l - a wand of disintegration (14)
 p - a wand of cold (7)
 t - a wand of fire (8)
 y - a wand of hasting (1)
 H - a wand of draining (2)
 S - a wand of teleportation (4)
 Y - a wand of disintegration (14)
Scrolls
 c - a scroll of silence
 i - 4 scrolls of magic mapping
 j - a scroll of random uselessness {unknown}
 m - 4 scrolls of remove curse
 v - a scroll of fog
 P - a scroll of torment
Books
 u - a book of Fire

   Spells                             Type                      Level
   a - Ignite Poison                  Fire/Transmutation/Poison    3
   b - Fireball                       Conjuration/Fire             5
   c - Bolt of Fire                   Conjuration/Fire             6
   d - Delayed Fireball               Conjuration/Fire             7
   e - Ring of Flames                 Charms/Fire                  7
Miscellaneous
 q - a disc of storms


   Skills:
 - Level 11.2 Fighting
 + Level 18.8 Axes
 - Level 9.3 Armour
 - Level 9.2 Dodging
 - Level 8.0 Spellcasting
 - Level 4.9 Conjurations
 - Level 8.0 Charms
 - Level 5.8 Necromancy


You had 2 spell levels left.
You knew the following spells:

 Your Spells              Type           Power        Failure   Level  Hunger
a - Shroud of Golubria    Chrm/Tloc      #####.....   1%          2    N/A
b - Song of Slaying       Chrm           ######..     1%          2    N/A
c - Spectral Weapon       Hex/Chrm       #####...     1%          3    N/A
d - Deflect Missiles      Chrm/Air       #####.....   58%         6    N/A
e - Bolt of Draining      Conj/Necr      ######....   5%          5    N/A
f - Haste                 Chrm           ######..     12%         6    N/A
g - Infusion              Chrm           ######       1%          1    N/A
r - Dispel Undead         Necr           ######..     4%          5    N/A

Dungeon Overview and Level Annotations

Branches:
Dungeon (15/15)            Temple (1/1) D:4            Lair (8/8) D:11
 Shoals (0/4) Lair:3        Snake (4/4) Lair:6        Slime (0/6) Lair:7
    Orc (4/4) D:11            Elf (0/3) Orc:3        Vaults (1/5) D:14
 Depths (0/5) D:15

Altars:
Ashenzari
Cheibriados
Dithmenos
Elyvilon
Fedhas
Gozag
Kikubaaqudgha
Makhleb
Nemelex Xobeh
Okawaru
Qazlal
Ru
Sif Muna
Trog
Vehumet
Xom
Yredelemnul
Zin
The Shining One
Beogh

Shops:
D:7 [   Orc:1 (   Orc:4 %!![}   Lair:1 [*=([[([   Snake:2 }   Snake:4 !


Innate Abilities, Weirdness & Mutations

You do not eat or drink.
Your flesh is vulnerable to fire.
You are immune to poison.
Your flesh is cold resistant.
You are immune to negative energy.
You are immune to unholy pain and torment.
You can survive without breathing.
You are in touch with the powers of death.
You can restore your body by infusing magical energy.


Message History

The vault warden activates a sealing rune.
The vault warden blocks your attack.
The vault warden is lightly wounded.
The vault warden hits you with a war axe!!
* * * LOW HITPOINT WARNING * * *
The vault warden blocks your attack.
The vault warden is lightly wounded.
The vault warden hits you with a war axe!!
* * * LOW HITPOINT WARNING * * *
Unknown command.
Read which item? (? for menu, Esc to quit)
Okay, then.
Read which item? (? for menu, Esc to quit)
As you read the scroll of summoning, it crumbles to dust.
Wisps of shadow whirl around you...
The vault warden is distracted by the nearby gold.
The vault warden is no longer distracted by gold.
The vault warden hits you with a war axe!!
You die...
Your body crumbles into a pile of gold.

#.#..#### ###'#'#..#
#...#.'..# #####++##
#...###..# #.......+
########'###....o..#
#......#.o.....#
#......#.o.$o.o#
#......+(($pH..#
#....(.#.o@..o!#
#......#########
#......# ####+###


You could see a vault warden, a friendly orc knight, a friendly griffon, a
friendly orc sorcerer, 2 friendly orc warriors and 3 friendly orcs.

Vanquished Creatures
  6 greater nagas
  Maud (Orc:2)
  An ironheart preserver (Vaults:1)
  A stone giant (Vaults:1)
  The ghost of Charly the Severer, a journeyman GrSk of Cheibriados (Snake:4)
  4 vault guards (D:14)
  Josephine (Lair:7)
  4 yaktaur captains
  7 hydras
  Harold (Lair:1)
  10 anacondas
  15 naga warriors
  4 centaur warriors
  A catoblepas (Lair:5)
  2 tengu warriors
  4 ogre magi
  14 death yaks
  Urug (Lair:1)
  20 naga sharpshooters
  Nergalle (Orc:1)
  4 salamander mystics (Snake:4)
  7 shock serpents
  3 unseen horrors (D:14)
  9 hill giants
  4 naga ritualists
  5 lindwurms
  A wolf spider zombie (D:14)
  10 orc sorcerers
  2 griffons
  16 mana vipers
  A wolf spider (Vaults:1)
  2 orc knights
  A hornet (shapeshifter) (D:15)
  15 ugly things
  A salamander (shapeshifter) (Vaults:1)
  5 cyclopes
  7 salamanders
  12 guardian serpents
  26 naga magi
  3 ice statues (IceCv)
  A gargoyle (D:14)
  56 black mambas
  A vault sentinel (Vaults:1)
  11 spiny frogs
  6 yaktaurs
  A freezing wraith (D:14)
  6 komodo dragons
  2 spriggan druids (Lair:8)
  A tengu conjurer (D:13)
  A fire drake (Lair:8)
  A harpy zombie (D:15)
  7 polar bears (Lair:8)
  An efreet (D:13)
  6 trolls
  13 slime creatures
  5 blink frogs
  6 two-headed ogres
  The ghost of bollicks1999 the Covert, an amateur OpAs (D:4)
  A vampire (D:15)
  6 redbacks (Lair:8)
  12 spriggans
  4 fire bats (Volcano)
  3 deep elf magi
  5 wyverns
  3 vampire mosquitoes (D:14)
  3 trapdoor spiders
  6 wraiths
  6 basilisks
  7 hippogriffs
  44 yaks
  2 wargs (D:11)
  13 wolves
  Menkaure (D:5)
  2 deep elf fighters (Vaults:1)
  Edmund (D:6)
  A hungry ghost (D:13)
  The ghost of manyhoops the Magician, an amateur DEIE (D:3)
  60 nagas
  17 water moccasins
  14 ice beasts
  20 orc warriors
  2 porcupines
  6 wasps
  2 eyes of draining
  3 phantoms
  14 black bears
  11 centaurs
  18 ogres
  6 sky beasts
  16 crocodiles
  A brain worm (D:15)
  16 giant frogs
  A big kobold (D:8)
  4 scorpions
  8 killer bees
  8 wights
  8 lava snakes (Volcano)
  6 crimson imps
  2 giant frog zombies
  4 hounds
  A wasp zombie (D:11)
  8 centaur zombies
  18 orc priests
  4 jellies
  36 orc wizards
  5 centaur skeletons
  A giant frog skeleton (D:10)
  9 worker ants
  10 iguanas
  25 sheep
  A hound skeleton (D:8)
  A hound zombie (D:6)
  2 worker ant zombies
  15 gnolls
  16 adders
  58 river rats
  5 shadow imps
  3 oozes
  An adder skeleton (D:9)
  An adder zombie (D:9)
  4 giant geckos
  124 orcs
  8 bats
  A bat zombie (D:7)
  6 giant cockroaches
  9 goblins
  9 hobgoblins
  7 jackals
  10 quokkas
  5 ball pythons
  A giant cockroach zombie (D:5)
  7 giant newts
  2 jackal skeletons (D:5)
  8 kobolds
  A quokka skeleton (D:10)
  10 rats
  4 rat zombies (D:7)
  4 fungi
1167 creatures vanquished.

Vanquished Creatures (collateral kills)
  Roxanne (Snake:4)
1 creature vanquished.

Vanquished Creatures (others)
  An unseen horror (Vaults:1)
  An orc wizard (Orc:4)
  13 fungi
  4 plants
  118 spectral weapons
137 creatures vanquished.

Grand Total: 1305 creatures vanquished

Notes
Turn   | Place    | Note
--------------------------------------------------------------
     0 | D:1      | Alarkh the Mummy Skald began the quest for the Orb.
     0 | D:1      | Reached XP level 1. HP: 16/16 MP: 3/3
   331 | D:2      | Reached XP level 2. HP: 6/22 MP: 0/5
   378 | D:2      | Learned a level 2 spell: Song of Slaying
   381 | D:2      | Learned a level 2 spell: Shroud of Golubria
  1063 | D:1      | Reached XP level 3. HP: 12/27 MP: 1/6
  1360 | D:1      | Reached skill level 3 in Axes
  2139 | D:2      | Reached XP level 4. HP: 17/33 MP: 0/7
  2775 | D:2      | Reached skill level 4 in Axes
  3126 | D:2      | Found an opulent altar of Gozag.
  3141 | D:1      | Reached XP level 5. HP: 24/38 MP: 0/8
  3308 | D:2      | HP: 1/38 [gnoll/flail (12)]
  3626 | D:2      | Became a worshipper of Gozag Ym Sagoz the Greedy
  4078 | D:3      | Noticed manyhoops's ghost (amateur DEIE)
  4165 | D:3      | Found a sacrificial altar of Ru.
  4583 | D:3      | Reached skill level 5 in Axes
  4663 | D:3      | Reached XP level 6. HP: 30/44 MP: 0/9
  5435 | D:3      | Killed manyhoops's ghost
  5505 | D:3      | Found a sacrificial altar of Ru.
  5826 | D:3      | Reached skill level 6 in Axes
  5841 | D:4      | Noticed bollicks1999's ghost (amateur OpAs)
  5931 | D:4      | Killed bollicks1999's ghost
  5931 | D:4      | Reached XP level 7. HP: 23/50 MP: 0/10
  6019 | D:4      | Found a deep blue altar of Sif Muna.
  6224 | D:4      | Reached skill level 7 in Axes
  6343 | D:4      | Found a staircase to the Ecumenical Temple.
  6501 | Temple   | Entered the Ecumenical Temple
  6626 | D:5      | Entered Level 5 of the Dungeon
  7217 | D:5      | Learned a level 3 spell: Spectral Weapon
  7608 | D:5      | Reached skill level 8 in Axes
  7608 | D:5      | Reached XP level 8. HP: 19/56 MP: 4/11
  7834 | D:6      | Noticed Menkaure
  8091 | D:6      | Got a crude robe
  8102 | D:6      | Identified the +1 robe "Olub" {-Tele rF++ Str+3} (You found it on level 6 of the Dungeon)
  8124 | D:6      | Noticed Edmund
  8161 | D:6      | Killed Edmund
  8284 | D:6      | Reached skill level 9 in Axes
  8310 | D:6      | Got a bloodstained quarterstaff {venom}
  8311 | D:6      | Identified the +6 quarterstaff of Mabiator {venom, +Inv rC+} (You took it off a wight on level 6 of the Dungeon)
  9290 | D:5      | Killed Menkaure
  9633 | D:7      | Found Gorurhin's Antique Armour Shop.
  9647 | D:7      | Bought a slimy leather armour for 217 gold pieces
  9657 | D:7      | Identified the +1 leather armour "Cixuz" {*Contam MP-9 Int+7 Dex+4} (You bought it in a shop on level 7 of the Dungeon)
  9675 | D:7      | Bought a glowing robe for 21 gold pieces
  9675 | D:7      | Bought a dyed leather armour for 62 gold pieces
  9736 | D:7      | Reached skill level 10 in Axes
  9736 | D:7      | Reached XP level 9. HP: 38/60 MP: 11/12
 10153 | D:7      | Found an ancient bone altar of Kikubaaqudgha.
 10668 | D:8      | Reached skill level 1 in Dodging
 10699 | D:8      | Reached skill level 1 in Armour
 10922 | D:8      | Found a snail-covered altar of Cheibriados.
 11044 | D:8      | Got a scorched quarterstaff
 11052 | D:8      | Identified the +4 quarterstaff of Misery {drain, *Noise rElec rF+ rC+ SInv} (You found it on level 8 of the Dungeon)
 11191 | D:9      | Found a blossoming altar of Fedhas.
 11194 | D:9      | Found a glowing golden altar of the Shining One.
 11578 | D:9      | Found a white marble altar of Elyvilon.
 11789 | D:9      | Reached skill level 11 in Axes
 12099 | D:10     | Entered Level 10 of the Dungeon
 12160 | D:10     | Reached XP level 10. HP: 63/69 MP: 14/14
 12426 | D:10     | Noticed a hill giant
 12453 | D:10     | Killed a hill giant
 12631 | D:10     | Found a radiant altar of Vehumet.
 13146 | D:11     | Found a staircase to the Lair.
 13292 | D:11     | Found a staircase to the Orcish Mines.
 13918 | D:11     | Noticed a cyclops
 14009 | Lair:1   | Entered Level 1 of the Lair of Beasts
 14009 | Lair:1   | Noticed Harold
 14169 | Lair:1   | Reached skill level 5 in Fighting
 14282 | Lair:1   | Noticed a black mamba
 14291 | Lair:1   | Killed a black mamba
 14291 | Lair:1   | Reached XP level 11. HP: 53/78 MP: 10/17
 14440 | Lair:1   | Noticed Urug
 14469 | Lair:1   | Killed Urug
 15379 | Lair:1   | Killed Harold
 15598 | D:12     | Found a white marble altar of Elyvilon.
 15759 | Lair:2   | Found a frozen archway.
 15792 | Lair:2   | Reached skill level 5 in Spellcasting
 15901 | IceCv    | Entered an ice cave
 16585 | IceCv    | Reached skill level 12 in Axes
 17050 | Lair:2   | Noticed a five-headed hydra
 17058 | Lair:2   | Killed a one-headed hydra
 17058 | Lair:2   | Reached skill level 5 in Charms
 17199 | Lair:1   | Bought a +2 pair of gloves of dexterity for 279 gold pieces
 17208 | Lair:1   | Bought the +11 morningstar "Eos" {elec, -Tele rElec SInv} for 1086 gold pieces
 17590 | Lair:3   | Found a staircase to the Shoals.
 17649 | Lair:3   | Found a dark tunnel.
 17659 | Volcano  | Entered a volcano
 17997 | Volcano  | Reached skill level 5 in Armour
 18102 | Volcano  | Found a bloodstained altar of Trog.
 18311 | Lair:3   | Reached XP level 12. HP: 75/89 MP: 20/20
 18475 | Lair:3   | Reached skill level 5 in Dodging
 19906 | Lair:5   | Noticed a five-headed hydra
 19915 | Lair:5   | Killed a one-headed hydra
 19918 | Lair:5   | Noticed a five-headed hydra
 19926 | Lair:5   | Killed a one-headed hydra
 20271 | Lair:5   | Noticed a catoblepas
 20284 | Lair:5   | Killed a catoblepas
 20564 | Lair:6   | Noticed a five-headed hydra
 20650 | Lair:6   | Noticed a seven-headed hydra
 20662 | Lair:6   | Killed a two-headed hydra
 20682 | Lair:6   | Gained mutation: You are in touch with the powers of death. [Mummy growth]
 20682 | Lair:6   | Gained mutation: You can restore your body by infusing magical energy. [Mummy growth]
 20682 | Lair:6   | Reached XP level 13. HP: 83/97 MP: 19/22
 20743 | Lair:6   | Reached skill level 13 in Axes
 20770 | Lair:6   | Killed a one-headed hydra
 20886 | Lair:6   | Found a staircase to the Snake Pit.
 21373 | Lair:7   | Found a staircase to the Slime Pits.
 21524 | Lair:7   | Noticed Josephine
 21546 | Lair:7   | Killed Josephine
 22461 | Lair:8   | Entered Level 8 of the Lair of Beasts
 23141 | Lair:8   | Reached XP level 14. HP: 56/106 MP: 25/25
 23957 | Lair:8   | Reached skill level 14 in Axes
 24610 | Lair:1   | Learned a level 5 spell: Dispel Undead
 24616 | Lair:1   | Learned a level 5 spell: Bolt of Draining
 24775 | D:12     | Noticed a hill giant
 24790 | D:12     | Killed a hill giant
 24815 | D:12     | Noticed a centaur warrior
 24827 | D:12     | Killed a centaur warrior
 25154 | D:12     | Reached skill level 1 in Necromancy
 25367 | D:11     | Killed a cyclops
 25392 | Orc:1    | Entered Level 1 of the Orcish Mines
 25417 | Orc:1    | Noticed Nergalle
 25428 | Orc:1    | Killed Nergalle
 25752 | Orc:1    | Found Uliklenu's Antique Weapon Shoppe.
 25759 | Orc:1    | Bought a glowing war axe for 98 gold pieces
 26153 | Orc:2    | Noticed Maud
 26683 | Orc:3    | Found a staircase to the Elven Halls.
 27364 | Orc:2    | Killed Maud
 27364 | Orc:2    | Reached skill level 1 in Conjurations
 27568 | Orc:4    | Entered Level 4 of the Orcish Mines
 27601 | Orc:4    | Found Ovism's Food Shop.
 27647 | Orc:4    | Found Cofud's Distillery.
 27671 | Orc:4    | Found a radiant altar of Vehumet.
 27701 | Orc:4    | Found an ancient bone altar of Kikubaaqudgha.
 27731 | Orc:4    | Paralysed by an orc sorcerer for 7 turns
 28322 | Orc:4    | Found a roughly hewn altar of Beogh.
 28322 | Orc:4    | Found Ulow's Gadget Shoppe.
 28322 | Orc:4    | Found Bimamug's Distillery.
 28342 | Orc:4    | Found Rudiar's Antique Armour Shoppe.
 28362 | Orc:4    | Bought a pair of runed gloves for 157 gold pieces
 28830 | D:13     | Reached XP level 15. HP: 100/115 MP: 27/27
 29691 | D:14     | Reached skill level 10 in Fighting
 29913 | D:14     | Found a gate to the Vaults.
 30887 | D:15     | Entered Level 15 of the Dungeon
 31157 | D:15     | Reached skill level 15 in Axes
 31598 | D:15     | Found a staircase to the Depths.
 32087 | Lair:1   | Bought a brightly glowing jade ring for 160 gold pieces
 32087 | Lair:1   | Bought a slimy ivory ring for 160 gold pieces
 32087 | Lair:1   | Identified the ring of Usieq {rPois SInv} (You bought it in a shop on level 1 of the Lair of Beasts)
 32088 | Lair:1   | Identified the ring of Girudim {+Blink +Fly Stlth-} (You bought it in a shop on level 1 of the Lair of Beasts)
 32200 | Snake:1  | Entered Level 1 of the Snake Pit
 33079 | Snake:1  | Reached XP level 16. HP: 84/124 MP: 27/28
 33083 | Snake:1  | Reached skill level 5 in Necromancy
 33870 | Snake:2  | Found Onkitido's Gadget Shoppe.
 35250 | Lair:1   | Bought the cursed +1 ring mail of Dudutt {rElec rC+ Dex-2 SInv} for 351 gold pieces
 35268 | Lair:1   | Identified 3 scrolls of acquirement
 35858 | Snake:4  | Entered Level 4 of the Snake Pit
 35858 | Snake:4  | Found Nilypp's Distillery.
 35869 | Snake:4  | Reached skill level 16 in Axes
 36039 | Snake:4  | Noticed Charly's ghost (journeyman GrSk)
 36043 | Snake:4  | Found an opulent altar of Gozag.
 36293 | Snake:4  | Got a scintillating lapis lazuli ring
 36295 | Snake:4  | Identified the ring "Amyesch" {rPois MR++ Dex-2} (You found it on level 4 of the Snake Pit)
 36599 | Snake:4  | Learned a level 6 spell: Haste
 36928 | Snake:4  | Noticed Roxanne
 37727 | Snake:4  | Killed Charly's ghost
 38061 | Snake:4  | Reached XP level 17. HP: 118/131 MP: 29/29
 38374 | Snake:4  | Reached skill level 17 in Axes
 38793 | Snake:4  | Killed Roxanne
 39984 | Snake:4  | HP: 6/131 [greater naga/spear (12)]
 39984 | Snake:4  | HP: 2/131 [greater naga/spear (4)]
 39988 | Snake:4  | Reached skill level 18 in Axes
 40442 | Snake:4  | Got a serpentine rune of Zot
 41102 | Lair:1   | Learned a level 6 spell: Deflect Missiles
 41124 | Lair:1   | Bought a distressingly furry cloak for 247 gold pieces
 41124 | Lair:1   | Bought a pair of embroidered boots for 117 gold pieces
 41134 | Lair:1   | Identified the cursed -4 cloak of Watchfulness {rF- rC+ rN+++ MP+9} (You bought it in a shop on level 1 of the Lair of Beasts)
 41243 | Vaults:1 | Entered Level 1 of the Vaults
 41965 | Vaults:1 | Mangled by a vault warden

Action                   |  1- 3 |  4- 6 |  7- 9 | 10-12 | 13-15 | 16-18 || total
-------------------------+-------+-------+-------+-------+-------+-------++-------
Melee: Hand axe          |   117 |   233 |   560 |   426 |       |       ||  1336
       Battleaxe         |       |       |       |     4 |       |    55 ||    59
       Morningstar       |       |       |       |   141 |   125 |   163 ||   429
       War axe           |       |       |       |    90 |  1317 |       ||  1407
       Executioner's axe |       |       |       |       |       |   488 ||   488
 Cast: Infusion          |    24 |    43 |    58 |    31 |    23 |       ||   179
       Shroud of Golubri |     2 |    13 |    19 |    38 |    61 |    37 ||   170
       Spectral Weapon   |       |       |    23 |    97 |   163 |   128 ||   411
       Song of Slaying   |       |       |       |     4 |    19 |     1 ||    24
Invok: Call Merchant     |       |       |       |     2 |     5 |     1 ||     8
       Potion Petition   |       |       |       |     1 |       |     3 ||     4
Evoke: Wand              |       |       |     1 |    15 |    13 |     9 ||    38
       Phantom mirror    |       |       |       |       |       |     1 ||     1
  Use: Scroll            |     1 |     3 |    18 |    21 |    15 |    22 ||    80
 Stab: Distracted        |       |       |     3 |    15 |    26 |    13 ||    57
       Sleeping          |       |       |     1 |       |       |       ||     1
